| TOP OF THE 1ST |
|
Houston Colt .45's batting - Pitching for Roswell Invaders : RHP Ulbert Beltman
|
|
Pitching: RHP Ulbert Beltman
|
|
|
Batting: RHB Ralph Baltimore
|
0-0: Called Strike 0-1: Ball 1-1: Ball 2-1: Fly out, F8 (Flyball, 8RM, EV 86.9 MPH)
|
|
Batting: RHB Jonathan Rausch
|
0-0: Called Strike 0-1: Ball 1-1: Ground out 4-3 (Groundball, 4, EV 83.1 MPH)
|
|
Batting: LHB Vecdi Hodensack
|
0-0: Ball 1-0: Called Strike 1-1: Swinging Strike 1-2: Ball 2-2: Foul Ball, location: 2F 2-2: Foul Ball, location: 2F 2-2: Fly out, F7 (Flyball, 7D, EV 95.0 MPH)
|
| Top of the 1st over - 0 runs, 0 hits, 0 errors, 0 left on base; Houston 0 - Roswell 0 |
| BOTTOM OF THE 1ST |
|
Roswell Invaders batting - Pitching for Houston Colt .45's : LHP Joey Callanta
|
|
Pitching: LHP Joey Callanta
|
|
|
Batting: LHB Marshall Rives
|
0-0: Called Strike 0-1: Foul Ball, location: 2F 0-2: Ball 1-2: Strikes out swinging
|
|
Batting: RHB T.J. House
|
0-0: Swinging Strike 0-1: Called Strike 0-2: Ball 1-2: Foul Ball, location: 2F 1-2: Ball 2-2: Strikes out swinging
|
|
Batting: LHB Ivan Cortez
|
0-0: Fly out, F9 (Flyball, 9, EV 86.2 MPH)
|
| Bottom of the 1st over - 0 runs, 0 hits, 0 errors, 0 left on base; Houston 0 - Roswell 0 |
| TOP OF THE 2ND |
|
Houston Colt .45's batting - Pitching for Roswell Invaders : RHP Ulbert Beltman
|
|
Batting: RHB Doug Dark
|
0-0: Called Strike 0-1: Foul Ball, location: 2F 0-2: Strikes out swinging
|
|
Batting: RHB Daniel Gladkowski
|
0-0: Ball 1-0: Ball 2-0: Ball 3-0: Called Strike 3-1: SINGLE (Line Drive, 89S, EV 86.2 MPH)
|
|
Batting: RHB Jay Hussey
|
0-0: Ball 1-0: Called Strike 1-1: Fly out, F8 (Flyball, 78M, EV 97.5 MPH)
|
|
Batting: LHB Casper Significant
|
0-0: Ball 1-0: Foul Ball, location: 2F 1-1: Fly out, F8 (Line Drive, 8LM, EV 93.1 MPH)
|
| Top of the 2nd over - 0 runs, 1 hit, 0 errors, 1 left on base; Houston 0 - Roswell 0 |
| BOTTOM OF THE 2ND |
|
Roswell Invaders batting - Pitching for Houston Colt .45's : LHP Joey Callanta
|
|
Batting: RHB Jason Hanson
|
0-0: Ball 1-0: Ball 2-0: Foul Ball, location: 2F 2-1: Foul Ball, location: 2F 2-2: Ball 3-2: Fly out, F7 (Flyball, 7, EV 90.0 MPH)
|
|
Batting: RHB Cullen Kelley
|
0-0: Ball 1-0: SOLO HOME RUN (Flyball, 9D, EV 104.4 MPH), Distance : 395 ft
|
|
Batting: LHB Andy Fischer
|
0-0: SINGLE (Groundball, 4MS, EV 68.1 MPH) (infield hit)
|
|
Batting: RHB Dan Long
|
0-0: Called Strike 0-1: Grounds into double play, 6-4-3 (Groundball, 6, EV 86.2 MPH)
|
| Bottom of the 2nd over - 1 run, 2 hits, 0 errors, 0 left on base; Houston 0 - Roswell 1 |
| TOP OF THE 3RD |
|
Houston Colt .45's batting - Pitching for Roswell Invaders : RHP Ulbert Beltman
|
|
Batting: LHB Pappy Sterile
|
0-0: Foul Ball, location: 2F 0-1: Swinging Strike 0-2: Foul Ball, location: 2F 0-2: Ball 1-2: SOLO HOME RUN (Flyball, 9D, EV 104.4 MPH), Distance : 391 ft
|
|
Batting: RHB Chris Jordan
|
0-0: Called Strike 0-1: Foul Ball, location: 2F 0-2: SINGLE (Groundball, 25, EV 68.1 MPH) (infield hit)
|
|
Batting: RHB Ralph Baltimore
|
0-0: Foul Ball, location: 2F 0-1: Called Strike 0-2: Ball 1-2: Ball 2-2: Foul Ball, location: 2F 2-2: Ball 3-2: Base on Balls Chris Jordan to second
|
|
Batting: RHB Jonathan Rausch
|
0-0: DOUBLE (Line Drive, 89M, EV 107.5 MPH) Chris Jordan scores Ralph Baltimore to third
|
|
Batting: LHB Vecdi Hodensack
|
0-0: Called Strike 0-1: Called Strike 0-2: Ball 1-2: DOUBLE (Line Drive, 78D, EV 112.5 MPH) Ralph Baltimore scores Jonathan Rausch scores
|
|
Batting: RHB Doug Dark
|
0-0: Ball 1-0: Ball 2-0: Hit by Pitch
|
|
Batting: RHB Daniel Gladkowski
|
0-0: SINGLE (Groundball, P, EV 82.5 MPH) (infield hit) Vecdi Hodensack to third Doug Dark to second
|
|
Batting: RHB Jay Hussey
|
0-0: SINGLE (Groundball, 6MD, EV 101.9 MPH) Vecdi Hodensack scores Doug Dark to third Daniel Gladkowski to second Runner from 3rd tries for Home, throw by CF and OUT! 8-2
|
|
Batting: LHB Casper Significant
|
0-0: Called Strike 0-1: Ball 1-1: Called Strike 1-2: Hit by Pitch Daniel Gladkowski to third Jay Hussey to second
|
|
Batting: LHB Pappy Sterile
|
0-0: Called Strike 0-1: Ball 1-1: Foul Ball, location: 2F 1-2: Ball 2-2: Fly out, F7 (Flyball, 7, EV 91.2 MPH)
|
|
Batting: RHB Chris Jordan
|
0-0: Ball 1-0: Called Strike 1-1: Ball 2-1: Called Strike 2-2: Foul Ball, location: 2F 2-2: Strikes out looking
|
| Top of the 3rd over - 5 runs, 6 hits, 0 errors, 3 left on base; Houston 5 - Roswell 1 |
| BOTTOM OF THE 3RD |
|
Roswell Invaders batting - Pitching for Houston Colt .45's : LHP Joey Callanta
|
|
Batting: SHB Sandy Burke
|
0-0: SINGLE (Groundball, 4MD, EV 98.8 MPH)
|
|
Batting: RHB Shinichi Miyamoto
|
0-0: Called Strike 0-1: Called Strike 0-2: Fly out, F7 (Flyball, 7, EV 94.4 MPH)
|
|
Batting: LHB Marshall Rives
|
0-0: Ball 1-0: Swinging Strike 1-1: Ball 2-1: Swinging Strike 2-2: Strikes out swinging
|
|
Batting: RHB T.J. House
|
0-0: Ball 1-0: Foul Ball, location: 2F 1-1: Foul Ball, location: 2F 1-2: Ball 2-2: Foul Ball, location: 2F 2-2: Foul Ball, location: 2F 2-2: Ball 3-2: Strikes out swinging
|
| Bottom of the 3rd over - 0 runs, 1 hit, 0 errors, 1 left on base; Houston 5 - Roswell 1 |
| TOP OF THE 4TH |
|
Houston Colt .45's batting - Pitching for Roswell Invaders : RHP Ulbert Beltman
|
|
Batting: RHB Ralph Baltimore
|
0-0: Ball 1-0: Ball 2-0: Called Strike 2-1: Foul Ball, location: 2F 2-2: Foul Ball, location: 2F 2-2: Strikes out swinging
|
|
Batting: RHB Jonathan Rausch
|
0-0: Reached on error, E4 (Groundball, 4, EV 81.9 MPH)
|
|
Batting: LHB Vecdi Hodensack
|
0-0: Ball 1-0: Called Strike 1-1: Fly out, F6 (Popup, 6MS, EV 84.4 MPH)
|
|
Batting: RHB Doug Dark
|
0-0: Called Strike 0-1: Ball 1-1: SINGLE (Flyball, 89S, EV 96.2 MPH) Jonathan Rausch to second Runner from 2nd tries for 3rd, SAFE, throw by RF made to third
|
|
Batting: RHB Daniel Gladkowski
|
0-0: Fielders Choice at 2nd, 6-4 (Groundball, 6, EV 85.0 MPH)
|
| Top of the 4th over - 0 runs, 1 hit, 1 error, 2 left on base; Houston 5 - Roswell 1 |
| BOTTOM OF THE 4TH |
|
Roswell Invaders batting - Pitching for Houston Colt .45's : LHP Joey Callanta
|
|
Batting: LHB Ivan Cortez
|
0-0: Ball 1-0: Ground out 4-3 (Groundball, 4, EV 100.6 MPH)
|
|
Batting: RHB Jason Hanson
|
0-0: Fly out, F7 (Flyball, 7, EV 87.5 MPH)
|
|
Batting: RHB Cullen Kelley
|
0-0: Called Strike 0-1: Ball 1-1: Fly out, F7 (Line Drive, 78S, EV 111.2 MPH)
|
| Bottom of the 4th over - 0 runs, 0 hits, 0 errors, 0 left on base; Houston 5 - Roswell 1 |
| TOP OF THE 5TH |
|
Houston Colt .45's batting - Pitching for Roswell Invaders : RHP Ulbert Beltman
|
|
Batting: RHB Jay Hussey
|
0-0: Called Strike 0-1: Ball 1-1: DOUBLE (Flyball, 89XD, EV 105.0 MPH)
|
|
Batting: LHB Casper Significant
|
0-0: Fly out, F8 (Flyball, 8RD, EV 88.8 MPH)
|
|
Batting: LHB Pappy Sterile
|
0-0: Foul Ball, location: 2F 0-1: Swinging Strike 0-2: Ball 1-2: Ball 2-2: Strikes out looking
|
|
Batting: RHB Chris Jordan
|
0-0: Ball 1-0: Swinging Strike 1-1: Ball 2-1: Foul Ball, location: 2F 2-2: Strikes out swinging
|
| Top of the 5th over - 0 runs, 1 hit, 0 errors, 1 left on base; Houston 5 - Roswell 1 |
| BOTTOM OF THE 5TH |
|
Roswell Invaders batting - Pitching for Houston Colt .45's : LHP Joey Callanta
|
|
Batting: LHB Andy Fischer
|
0-0: SINGLE (Groundball, 4S, EV 73.1 MPH) (infield hit)
|
|
Batting: RHB Dan Long
|
0-0: Fielders Choice at 2nd, 6-4 (Groundball, 6MS, EV 77.5 MPH)
|
|
Batting: SHB Sandy Burke
|
0-0: Called Strike 0-1: Ball 1-1: Ball 2-1: Foul Ball, location: 2F 2-2: Strikes out looking
|
|
Batting: RHB Shinichi Miyamoto
|
0-0: Ball 1-0: Called Strike 1-1: Ball 2-1: Ball 3-1: Foul Ball, location: 2F 3-2: 2-RUN HOME RUN (Flyball, 78XD, EV 98.1 MPH), Distance : 405 ft
|
|
Batting: LHB Marshall Rives
|
0-0: Ground out 4-3 (Groundball, 4, EV 81.9 MPH)
|
| Bottom of the 5th over - 2 runs, 2 hits, 0 errors, 0 left on base; Houston 5 - Roswell 3 |
| TOP OF THE 6TH |
|
Houston Colt .45's batting - Pitching for Roswell Invaders : RHP Ulbert Beltman
|
|
Batting: RHB Ralph Baltimore
|
0-0: Called Strike 0-1: Foul Ball, location: 2F 0-2: Foul Ball, location: 2F 0-2: SINGLE (Groundball, 56D, EV 103.1 MPH)
|
|
Batting: RHB Jonathan Rausch
|
0-0: Called Strike 0-1: Foul Ball, location: 2F 0-2: Ball 1-2: Foul Ball, location: 2F 1-2: Ball 2-2: Foul Ball, location: 2F 2-2: Ball 3-2: Base on Balls Ralph Baltimore to second
|
|
Pitching: LHP Jayden Spearman
|
|
|
Batting: LHB Vecdi Hodensack
|
0-0: Ball 1-0: Foul Ball, location: 2F 1-1: SINGLE (Groundball, 6D, EV 97.5 MPH) Ralph Baltimore to third Jonathan Rausch to second Runner from 3rd tries for Home, SAFE, throw by LF to home
|
|
Batting: RHB Doug Dark
|
0-0: Ball 1-0: Called Strike 1-1: Ball 2-1: Ball 3-1: Foul Ball, location: 2F 3-2: Reached on error, E6 (Groundball, 6MS, EV 90.6 MPH) Jonathan Rausch to third Vecdi Hodensack to second
|
|
Batting: RHB Daniel Gladkowski
|
0-0: Ball 1-0: SINGLE (Groundball, 56D, EV 96.9 MPH) Jonathan Rausch scores Vecdi Hodensack to third Doug Dark to second
|
|
Batting: RHB Jay Hussey
|
0-0: Ball Wild Pitch! Vecdi Hodensack scores Doug Dark to third Daniel Gladkowski to second 1-0: Ball 2-0: Foul Ball, location: 2F 2-1: Swinging Strike 2-2: Strikes out swinging
|
|
Batting: LHB Casper Significant
|
0-0: Swinging Strike 0-1: Ball 1-1: Ball 2-1: Foul Ball, location: 2F 2-2: Fly out, F8 (Flyball, 8RS, EV 88.8 MPH) Lined into DP, 8-6 (Flyball, 8RS, EV 88.8 MPH)
|
| Top of the 6th over - 3 runs, 3 hits, 1 error, 1 left on base; Houston 8 - Roswell 3 |
| BOTTOM OF THE 6TH |
|
Roswell Invaders batting - Pitching for Houston Colt .45's : LHP Joey Callanta
|
|
Batting: RHB T.J. House
|
0-0: Called Strike 0-1: Ball 1-1: Ball 2-1: Ball 3-1: Base on Balls
|
|
Batting: LHB Ivan Cortez
|
0-0: Called Strike 0-1: Foul Ball, location: 2F 0-2: SINGLE (Groundball, 6S, EV 68.8 MPH) (infield hit) T.J. House to second
|
|
Batting: RHB Jason Hanson
|
0-0: Called Strike 0-1: Swinging Strike 0-2: Ball 1-2: Strikes out looking
|
|
Batting: RHB Cullen Kelley
|
0-0: Called Strike 0-1: Ball 1-1: Ball 2-1: Foul Ball, location: 2F 2-2: Strikes out looking
|
|
Batting: LHB Andy Fischer
|
0-0: Ball 1-0: Called Strike 1-1: Ball 2-1: Called Strike 2-2: Foul Ball, location: 2F 2-2: Ball 3-2: Fly out, F7 (Line Drive, 78S, EV 90.6 MPH)
|
| Bottom of the 6th over - 0 runs, 1 hit, 0 errors, 2 left on base; Houston 8 - Roswell 3 |
| TOP OF THE 7TH |
|
Houston Colt .45's batting - Pitching for Roswell Invaders : LHP Jayden Spearman
|
|
Batting: LHB Pappy Sterile
|
0-0: Called Strike 0-1: Swinging Strike 0-2: Ball 1-2: Strikes out swinging
|
|
Batting: RHB Chris Jordan
|
0-0: Called Strike 0-1: SOLO HOME RUN (Line Drive, 7LD, EV 95.0 MPH), Distance : 351 ft
|
|
Batting: RHB Ralph Baltimore
|
0-0: Ball 1-0: Ball 2-0: Called Strike 2-1: Called Strike 2-2: Ground out 6-3 (Groundball, 6, EV 86.2 MPH)
|
|
Batting: RHB Jonathan Rausch
|
0-0: Ball 1-0: SINGLE (Line Drive, 34D, EV 101.2 MPH)
|
|
Pitching: LHP John van Asten
|
|
|
Batting: LHB Vecdi Hodensack
|
0-0: Called Strike 0-1: SINGLE (Groundball, 4MS, EV 99.4 MPH) Jonathan Rausch to second
|
|
Batting: RHB Doug Dark
|
0-0: Foul Ball, location: 2F 0-1: Ball 1-1: Called Strike 1-2: Ball 2-2: Fly out, F9 (Flyball, 89M, EV 93.8 MPH)
|
| Top of the 7th over - 1 run, 3 hits, 0 errors, 2 left on base; Houston 9 - Roswell 3 |
| BOTTOM OF THE 7TH |
|
Roswell Invaders batting - Pitching for Houston Colt .45's : LHP Joey Callanta
|
|
Pitching: LHP Jim Leeman
|
|
|
Batting: RHB Dan Long
|
0-0: Ball 1-0: Ball 2-0: Ball 3-0: Base on Balls
|
|
Batting: SHB Sandy Burke
|
0-0: Ball Dan Long steals 2nd base (no throw) 1-0: Called Strike 1-1: Ball 2-1: Ball 3-1: SINGLE (Line Drive, 78M, EV 103.8 MPH) Dan Long to third
|
|
Batting: RHB Shinichi Miyamoto
|
0-0: Ball 1-0: Ball 2-0: Foul Ball, location: 2F 2-1: Foul Ball, location: 2F 2-2: Fly out, F7 (Flyball, 7D, EV 98.8 MPH) Runner from 3rd tags up, SCORES, throw by LF
|
|
Pinch Hitting: RHB Hidemitsu Matsuno
|
0-0: Ball 1-0: Ball 2-0: Swinging Strike 2-1: Ball 3-1: Called Strike 3-2: Strikes out swinging
|
|
Batting: RHB T.J. House
|
0-0: Called Strike 0-1: Called Strike 0-2: Foul Ball, location: 2F 0-2: Ball 1-2: Foul Ball, location: 2F 1-2: Foul Ball, location: 2F 1-2: Strikes out looking
|
| Bottom of the 7th over - 1 run, 1 hit, 0 errors, 1 left on base; Houston 9 - Roswell 4 |
| TOP OF THE 8TH |
|
Houston Colt .45's batting - Pitching for Roswell Invaders : LHP John van Asten
|
|
Now in RF: Matt Tanner
|
|
|
Batting: RHB Daniel Gladkowski
|
0-0: Ball 1-0: Called Strike 1-1: Called Strike 1-2: Strikes out swinging
|
|
Batting: RHB Jay Hussey
|
0-0: SOLO HOME RUN (Flyball, 7D, EV 93.1 MPH), Distance : 365 ft
|
|
Batting: LHB Casper Significant
|
0-0: Ball 1-0: Ball 2-0: Ground out 6-3 (Groundball, 6, EV 80.6 MPH)
|
|
Batting: LHB Pappy Sterile
|
0-0: Ball 1-0: Ground out 6-3 (Groundball, 6, EV 102.5 MPH)
|
| Top of the 8th over - 1 run, 1 hit, 0 errors, 0 left on base; Houston 10 - Roswell 4 |
| BOTTOM OF THE 8TH |
|
Roswell Invaders batting - Pitching for Houston Colt .45's : LHP Jim Leeman
|
|
Batting: LHB Ivan Cortez
|
0-0: Called Strike 0-1: Swinging Strike 0-2: Ball 1-2: Fly out, F1 (Line Drive, P, EV 71.2 MPH)
|
|
Batting: RHB Jason Hanson
|
0-0: Called Strike 0-1: Foul Ball, location: 2F 0-2: Foul Ball, location: 2F 0-2: Ball 1-2: Ball 2-2: Strikes out swinging
|
|
Batting: RHB Cullen Kelley
|
0-0: Ball 1-0: Foul Ball, location: 2F 1-1: Swinging Strike 1-2: Ball 2-2: Strikes out looking
|
| Bottom of the 8th over - 0 runs, 0 hits, 0 errors, 0 left on base; Houston 10 - Roswell 4 |
| TOP OF THE 9TH |
|
Houston Colt .45's batting - Pitching for Roswell Invaders : LHP John van Asten
|
|
Batting: RHB Devon Healy
|
0-0: Foul Ball, location: 2F 0-1: Foul Ball, location: 2F 0-2: Strikes out looking
|
|
Batting: RHB Ralph Baltimore
|
0-0: Ball 1-0: Foul Ball, location: 2F 1-1: Swinging Strike 1-2: Foul Ball, location: 2F 1-2: Ball 2-2: Strikes out swinging
|
|
Batting: RHB Jonathan Rausch
|
0-0: Hit by Pitch
|
|
Batting: LHB Vecdi Hodensack
|
0-0: Foul Ball, location: 2F 0-1: Ball 1-1: Ball 2-1: Fly out, F7 (Line Drive, 7S, EV 89.4 MPH)
|
| Top of the 9th over - 0 runs, 0 hits, 0 errors, 1 left on base; Houston 10 - Roswell 4 |
| BOTTOM OF THE 9TH |
|
Roswell Invaders batting - Pitching for Houston Colt .45's : LHP Jim Leeman
|
|
Pitching: LHP Jordan Garcia
|
|
|
Pinch Hitting: RHB Juan Mejia
|
0-0: Fly out, F7 (Flyball, 78M, EV 91.9 MPH)
|
|
Batting: LHB Andrew Moore
|
0-0: Fly out, F7 (Flyball, 7, EV 95.6 MPH)
|
|
Pinch Hitting: RHB Benjie Alejandro
|
0-0: Ball 1-0: Swinging Strike 1-1: Ground out 6-3 (Groundball, 6, EV 80.6 MPH)
|
| Bottom of the 9th over - 0 runs, 0 hits, 0 errors, 0 left on base; Houston 10 - Roswell 4 |
|